 Dungeon Crawl Stone Soup version 0.31-a0-182-gc5ef74bbde (webtiles) character file.

Game seed: 4595987238114044667

114 qw the Chopper (level 4, -14/28 HPs)
             Began as a Gargoyle Fighter on June 20, 2023.
             Was an Initiate of Okawaru.
             Killed by divine providence
             ... invoked by an orc priest
              (16 damage)
             ... on level 3 of the Dungeon.
             The game lasted 00:00:52 (1706 turns).

qw the Chopper (Gargoyle Fighter)                   Turns: 1706, Time: 00:00:53

Health: -14/28     AC: 13    Str: 19    XL:     4   Next: 97%
Magic:  4/4        EV:  9    Int:  9    God:    Okawaru [......]
Gold:   188        SH:  0    Dex:  9    Spells: 3/3 levels left

rFire   . . .        Y - +0 war axe
rCold   . . .        c - +0 buckler
rNeg    + + +        b - +0 scale mail
rPois   inf          (no helmet)
rElec   +            k - +0 cloak
rCorr   .            (no gloves)
SInv    .            a - +1 pair of boots of the Doldrums {Rampage Fly rN++ Str-2}
Will    .....        g - amulet of reflection Stlth
                     (no ring)
HPRegen 0.24/turn    (no ring)
MPRegen 0.09/turn

%: reflection, rampage
@: confused, flying
A: sickness immunity, AC +3, negative energy resistance 1, electricity
resistance, torment resistance 1, petrification resistance
a: Renounce Religion


You were on level 3 of the Dungeon.
You worshipped Okawaru.
Okawaru was noncommittal.
You visited 1 branch of the dungeon, and saw 3 of its levels.

You collected 188 gold pieces.


Innate Abilities, Weirdness & Mutations

You are immune to sickness and miasma.
Your stone body is resilient. (AC +3)
You are immune to poison.
You resist negative energy. (rN+)
You are resistant to electric shocks. (rElec)
You are resistant to unholy torment.
You are immune to petrification.


   Skills:
 - Level 3.2 Fighting
 + Level 4.5 Axes
 - Level 3.2 Armour
 - Level 3.2 Shields


You had 3 spell levels left.
You didn't know any spells.
Your spell library was empty.

Inventory:

Hand Weapons
 n - a +0 club
 Y - a +0 war axe (weapon)
Armour
 a - the +1 pair of boots of the Doldrums (worn) {Rampage Fly rN++ Str-2}
   (You acquired it on level 1 of the Dungeon)

   Str:       It affects your strength (-2).
   rN:        It greatly protects you from negative energy.
   Fly:       It grants you flight.
   Rampage:   It bestows one free step when moving towards enemies.
 b - a +0 scale mail (worn)
 c - a +0 buckler (worn)
 f - a +1 pair of boots
 k - a +0 cloak (worn)
Jewellery
 g - an amulet of reflection (around neck)
Scrolls
 e - a scroll of vulnerability {unknown}
Potions
 d - 2 potions of might
 h - a potion of enlightenment
 i - a potion of resistance {unknown}
 j - a potion of invisibility {unknown}
 l - a potion of cancellation {unknown}

Dungeon Overview and Level Annotations

Branches:
Dungeon (3/15)

Altars:
Elyvilon
Gozag
Kikubaaqudgha
Makhleb
Okawaru
Trog
Xom


Message History

The orc priest looks encouraged for a moment.
The orc hits you but does no damage. Something hits you but does no damage.
The orc priest calls down the wrath of Beogh upon you.
Beogh smites you! The orc barely misses you.
You hear some strange, mumbled words.
Something tries to affect you, but you resist.
You feel less confused. You block the orc's attack.
You block something's attack.
You hit the orc.
The orc is lightly wounded.
You miss something. The orc hits you but does no damage.
Something hits you but does no damage. You block the orc's attack.
Something hits you but does no damage.
The orc priest begins to cast a cantrip, but forgets the words!
You hit the orc.
The orc is heavily wounded.
You barely miss something. The orc hits you but does no damage.
You block something's attack.
You barely miss the orc.
The orc is heavily wounded.
You miss something. The orc hits you but does no damage.
You hear some strange, mumbled words.
A magic dart appears from out of thin air!
The magic dart hits you.
You closely miss the orc.
The orc is heavily wounded.
You hit something but do no damage. The orc closely misses you.
You hear some strange, mumbled words.
You are confused.
The orc barely misses you.
You hear some strange, mumbled words.
A magic dart appears from out of thin air!
The magic dart hits you.
The orc priest mumbles some strange prayers to Beogh against you.
Beogh smites you!
Ouch! That really hurt!
You die...

###### #..$.. #.....
#...>. #.....##
#.....o# ####...oo{#
.. ##_## #@## ..
######...######..# >.
#_..###'###.._##.##
#. #.
#..##.....##..##..##
.. #.
#.#'..:....'#.###..##
##. #.
###....8....###
##..######.. #.
###...8...8...###
##.#....#.# ##.
#.#...........#.##
#.#..>.#.###..
_.'..8..8..8..'._#
#.#....#.##...


You could see an orc priest and 2 orcs.

Vanquished Creatures
  Ijyb (D:3)
  4 adders
  A dart slug (D:1)
  An orc (D:3)
  3 bats
  9 endoplasms
  2 giant cockroaches (D:2)
  3 goblins
  8 hobgoblins
  4 jackals (D:1)
  A quokka (D:3)
  A ball python (D:2)
  2 frilled lizards
  A kobold (D:3)
  3 rats
44 creatures vanquished.

Notes
Turn   | Place    | Note
-------+----------+-------------------------------------------
     0 | D:1      | qw the Gargoyle Fighter began the quest for the Orb.
     0 | D:1      | Reached XP level 1. HP: 14/14 MP: 1/1
     0 | D:1      | 0 ||| qw: Version: 0.3-a-9-g12657ce
     0 | D:1      | 0 ||| qw: Game counter: 1441
     0 | D:1      | 0 ||| qw: Always use a shield: true
     0 | D:1      | 0 ||| qw: God list: Okawaru
     0 | D:1      | 0 ||| qw: Allow faded altars: false
     0 | D:1      | 0 ||| qw: Do Orc after D:15 true
     0 | D:1      | 0 ||| qw: Do second Lair branch before Depths: true
     0 | D:1      | 0 ||| qw: Lair rune preference: random
     0 | D:1      | 0 ||| qw: Plans: Normal, Zot:1-4, Slime:5, God:TSO, Crypt,
                  | Tomb, Abyss, Pan, Hells, Win
     0 | D:1      | 0 ||| PLANNING D:1-11
    62 | D:1      | Reached skill level 2 in Axes
    99 | D:1      | 99 ||| Stepping ~*~*~tactically~*~*~ (stealth).
   104 | D:1      | Reached XP level 2. HP: 14/19 MP: 2/2
   131 | D:1      | 131 ||| FLEEEEING.
   136 | D:1      | 136 ||| Stepping ~*~*~tactically~*~*~ (stealth).
   140 | D:1      | 140 ||| Stepping ~*~*~tactically~*~*~ (hiding).
   382 | D:1      | Reached skill level 3 in Axes
   605 | D:1      | Reached XP level 3. HP: 23/23 MP: 3/3
   651 | D:1      | 651 ||| UPGRADING to +1 pair of boots.
   656 | D:1      | 656 ||| UPGRADING to amulet of reflection.
   661 | D:1      | 661 ||| READING scroll labelled CUYZYTA XOOMO.
   661 | D:1      | Identified a scroll of acquirement
   661 | D:1      | 661 ||| ACQUIRING +1 pair of boots of the Doldrums {Rampage
                  | Fly rN++ Str-2}
   661 | D:1      | Acquired the +1 pair of boots of the Doldrums {Rampage Fly
                  | rN++ Str-2}
   663 | D:1      | 663 ||| UPGRADING to +1 pair of boots of the Doldrums
                  | {Rampage Fly rN++ Str-2}.
   673 | D:1      | 673 ||| READING scroll labelled ILUCSAY XOSHU ODGH.
  1000 | D:2      | Reached XP level 4. HP: 28/28 MP: 4/4
  1283 | D:2      | 1283 ||| UPGRADING to +0 cloak.
  1288 | D:2      | 1288 ||| READING scroll labelled XOLADDETEA.
  1301 | D:2      | 1301 ||| READING scroll labelled HEGIAN YS RUIV.
  1302 | D:2      | 1302 ||| READING scroll labelled IRAIJUATWIY.
  1305 | D:2      | 1305 ||| DRINKING 2 bubbling pink potions.
  1413 | D:3      | Reached skill level 4 in Axes
  1435 | D:3      | Found a white marble altar of Elyvilon.
  1439 | D:3      | Found an iron altar of Okawaru.
  1440 | D:3      | 1440 ||| PLANNING OKAWARU WORSHIP
  1440 | D:3      | 1440 ||| READING scroll labelled KOUREQAMEM.
  1444 | D:3      | Became a worshipper of Warmaster Okawaru
  1445 | D:3      | 1445 ||| PLANNING D:1-11
  1454 | D:3      | Found a burning altar of Makhleb.
  1461 | D:3      | Found a bloodstained altar of Trog.
  1467 | D:3      | Found an opulent altar of Gozag.
  1478 | D:3      | Found a shimmering altar of Xom.
  1488 | D:3      | Found an ancient bone altar of Kikubaaqudgha.
  1541 | D:3      | Found a faded altar of an unknown god.
  1561 | D:3      | Noticed Ijyb
  1573 | D:3      | Killed Ijyb
  1699 | D:3      | HP: 7/28 [orc priest/divine providence (13)]
  1704 | D:3      | HP: 5/28 [something/magic dart (3)]
  1706 | D:3      | HP: 2/28 [something/magic dart (4)]
  1706 | D:3      | Killed from afar by an orc priest

Levels and vault maps discovered:
D:1:      psy_arrival_wood_between_worlds, layout_basic,
          corexii_leaking_fountain
D:2:      layout_basic
D:3:      layout_rooms, kennysheep_orc_sif_temple,
          grunt_temple_overflow_octagram, ebering_ecumenical_altar_box,
          serial_shops, shop, shop, nicolae_shop_rolled_up,
          nicolae_shop_crystal, uniq_ijyb

Skill      XL: |  1  2  3  4 |
---------------+-------------+-----
Axes           | 2 3 4 |  4.5
Fighting       | |  3.2
Armour         | |  3.2
Shields        | |  3.2

Action                     |  1- 3 |  4- 6 || total
---------------------------+-------+-------++-------
  Melee: War axe           |    70 |    59 ||   129
    Use: Scroll            |     2 |     4 ||     6
         Potion            |       |     1 ||     1
 Armour: Scale mail        |    26 |    37 ||    63
  Dodge: Dodged            |    31 |    15 ||    46
  Block: Buckler           |    27 |    30 ||    57

Table legend:
 A = Non-vault XP
 B = Vault XP
 C = Vault XP percentage of total XP
 D = Non-vault monster count
 E = Vault monster count
 F = Vault count percentage of total count
                 A         B        C        D         E       F
            +---------+---------+-------+---------+---------+-------
      Total |     127 |      36 |  22.1 |      43 |       1 |   2.3
            +---------+---------+-------+---------+---------+-------
        D:1 |      36 |       0 |   0.0 |      18 |       0 |   0.0
        D:2 |      61 |       0 |   0.0 |      15 |       0 |   0.0
        D:3 |      30 |      36 |  54.5 |      10 |       1 |   9.1
            +---------+---------+-------+---------+---------+-------
